AoeStats
← 楚南公

Arena

504719359Analyzed
4v4 RM · 26d ago on Sep 6, 2026· 50m 55s· 8 players
Game mode
Random Map
Map size
Large (8 player)
Population
200
Speed
Normal
Resources
Standard
Victory
Conquest
Starting age
Dark Age
Ending age
Imperial Age
RankedLock teamsTeams togetherTeam positionsShared explorationLock speedFull tech treeHidden civsTurbo modeCheats
Victory
Defeat
🇨🇳 Slavs · China
1268
+12
🇨🇳 Britons · China
1216
+14
🇬🇧 Poles · United Kingdom
1210
+15
🇮🇳 Turks · India
1189
+15
🇦🇺 Aztecs · Australia
1214
-15
🇦🇺 Wei · Australia
1205
-15
🇦🇺 Hindustanis · Australia
1197
-15
🇦🇺 Bohemians · Australia
1107
-11
nikhdy
11:32 Feudal Age
15:26 Castle Age
13:30 Double-Bit Axe
16:51 Bow Saw
16:24 Horse Collar
18:25 Loom
20:02 Wheelbarrow
22:14 Husbandry
23:01 Bloodlines
23:05 Stone Mining
23:09 Gold Mining
24:05 Fletching
24:15 Padded Archer Armor
28:07 Bodkin Arrow
31:13 Imperial Age
29:24 Thumb Ring
29:36 Leather Archer Armor
30:56 Heavy Plow
31:38 Sipahi
31:46 Hand Cart
32:01 Bracer
32:32 Ring Archer Armor
32:30 Parthian Tactics
34:14 Heavy Cavalry Archer
35:59 Ballistics
36:00 Bombard Tower
36:29 Scale Barding Armor
36:35 Forging
41:52 Chain Barding Armor
42:08 Iron Casting
50:36 Fortified Wall
zoibe
10:35 Feudal Age
11:09 Double-Bit Axe
17:19 Castle Age
15:52 Horse Collar
16:08 Stone Mining
18:05 Husbandry
19:04 Heavy Plow
19:22 Loom
21:04 Bow Saw
22:14 Wheelbarrow
23:37 Town Watch
24:37 Bloodlines
24:27 Gold Mining
25:34 Stone Shaft Mining
25:54 Hand Cart
27:40 Masonry
27:44 Fletching
28:55 Ballistics
29:26 Scale Barding Armor
31:10 Szlachta Privileges
30:36 Light Cavalry
36:11 Imperial Age
34:29 Forging
36:13 Iron Casting
36:00 Chain Barding Armor
36:51 Scale Mail Armor
36:14 Pikeman
36:55 Squires
36:37 Cavalier
39:02 Blast Furnace
38:27 Conscription
38:58 Scale Mail Armor
40:14 Bodkin Arrow
40:54 Chain Mail Armor
41:39 Bracer
43:18 Plate Mail Armor
42:24 Winged Hussar
45:17 Elite Obuch
46:10 Murder Holes
eee
10:00 Feudal Age
10:27 Feudal Age
15:11 Castle Age
13:36 Double-Bit Axe
14:07 Horse Collar
17:10 Bow Saw
18:23 Loom
19:09 Heavy Plow
20:57 Wheelbarrow
22:25 Hand Cart
23:33 Gold Mining
24:34 Town Watch
24:42 Stone Mining
28:33 Imperial Age
27:12 Gold Shaft Mining
27:04 Ballistics
26:52 Pikeman
28:03 Forging
28:56 Scale Mail Armor
29:11 Squires
28:39 Heavy Scorpion
29:31 Town Patrol
30:33 Chemistry
30:19 Iron Casting
30:54 Two-Man Saw
30:27 Conscription
29:48 Halberdier
31:12 Chain Mail Armor
32:12 Blast Furnace
34:26 Detinets
35:11 Light Cavalry
35:51 Husbandry
36:02 Bloodlines
37:49 Scale Barding Armor
37:36 Fletching
37:59 Elite Boyar
40:46 Chain Barding Armor
40:57 Plate Mail Armor
40:24 Bodkin Arrow
44:40 Plate Barding Armor
49:27 Siege Engineers
49:18 Murder Holes
48:57 Hussar
楚南公
10:47 Feudal Age
14:29 Castle Age
12:35 Double-Bit Axe
15:02 Horse Collar
23:51 Loom
26:51 Imperial Age
25:22 Bow Saw
25:02 Town Watch
25:37 Fletching
26:23 Bodkin Arrow
28:07 Wheelbarrow
27:59 Bracer
30:42 Chemistry
30:03 Ballistics
30:33 Padded Archer Armor
31:32 Leather Archer Armor
31:39 Conscription
31:41 Yeomen
32:19 Hand Cart
32:09 Guard Tower
34:08 Two-Man Saw
33:08 Heavy Plow
34:47 Ring Archer Armor
35:21 Keep
34:59 Masonry
35:18 Scale Mail Armor
35:59 Forging
36:38 Hoardings
36:12 Siege Engineers
35:49 Treadmill Crane
35:38 Pikeman
36:18 Squires
36:21 Halberdier
37:01 Squires
37:28 Chain Mail Armor
38:36 Iron Casting
39:16 Plate Mail Armor
40:28 Blast Furnace
40:47 Arson
40:54 Elite Longbowman
41:32 Stone Mining
43:54 Elite Longbowman
45:40 Guilds
47:32 Architecture
48:33 Caravan
49:46 Crossbowman
50:27 Arbalester
LynzoiD
10:44 Feudal Age
12:00 Loom
14:51 Castle Age
12:56 Double-Bit Axe
13:18 Horse Collar
15:59 Gold Mining
17:16 Fervor
19:25 Sanctity
20:50 Scale Mail Armor
22:03 Heavy Plow
23:28 Wheelbarrow
24:05 Redemption
23:52 Herbal Medicine
23:58 Devotion
26:02 Eagle Warrior
27:37 Forging
27:51 Hand Cart
28:27 Squires
30:35 Fletching
30:45 Padded Archer Armor
31:50 Stone Mining
32:36 Gold Shaft Mining
31:27 Elite Skirmisher
35:10 Imperial Age
34:25 Bodkin Arrow
34:45 Leather Archer Armor
36:26 Block Printing
36:37 Illumination
36:47 Theocracy
36:32 Faith
37:57 Block Printing
38:07 Illumination
38:19 Theocracy
37:19 Elite Eagle Warrior
37:39 Capped Ram
39:05 Siege Ram
41:30 Faith
41:14 Atonement
41:49 Coinage
41:23 Elite Eagle Warrior
43:46 Conscription
43:28 Atlatl
43:48 Garland Wars
44:58 Banking
44:13 Pikeman
45:21 Chain Mail Armor
45:41 Iron Casting
45:13 Elite Jaguar Warrior
46:18 Bracer
50:22 Plate Mail Armor
lamp
10:24 Feudal Age
14:09 Castle Age
12:18 Double-Bit Axe
12:45 Horse Collar
15:41 Bow Saw
19:23 Wheelbarrow
20:23 Gold Mining
22:02 Hand Cart
23:50 Stone Mining
25:09 Gold Shaft Mining
24:47 Heavy Plow
28:07 Imperial Age
25:52 Scale Barding Armor
25:59 Forging
26:48 Stone Shaft Mining
26:02 Crossbowman
26:59 Bloodlines
26:50 Husbandry
27:30 Elite Skirmisher
28:20 Thumb Ring
29:35 Chain Barding Armor
29:10 Heavy Camel Rider
31:37 Chemistry
30:56 Imperial Camel Rider
32:14 Iron Casting
33:08 Conscription
32:52 Grand Trunk Road
33:36 Padded Archer Armor
35:17 Leather Archer Armor
34:52 Fletching
35:53 Fortified Wall
37:38 Ring Archer Armor
37:10 Bodkin Arrow
40:23 Plate Barding Armor
41:36 Bracer
45:00 Blast Furnace
48:06 Two-Man Saw
wahashhh
10:48 Feudal Age
14:53 Castle Age
13:13 Double-Bit Axe
15:44 Bow Saw
16:31 Horse Collar
21:31 Loom
24:08 Wheelbarrow
25:29 Hand Cart
25:30 Gold Mining
25:33 Stone Mining
25:53 Heavy Plow
28:28 Gold Shaft Mining
28:30 Stone Shaft Mining
28:20 Loom
28:20 Town Watch
29:15 Town Patrol
31:46 Imperial Age
30:23 Scale Barding Armor
30:28 Forging
30:02 Treadmill Crane
30:43 Ballistics
30:37 Masonry
30:24 Murder Holes
30:42 Fortified Wall
30:22 Heated Shot
31:10 Tuntian
31:40 Chain Barding Armor
31:41 Husbandry
31:52 Bloodlines
32:47 Iron Casting
33:03 Conscription
32:04 Elite Tiger Cavalry
33:10 Ming Guang Armor
34:29 Chemistry
35:18 Blast Furnace
35:32 Fletching
45:35 Bodkin Arrow
45:56 Thumb Ring
47:04 Parthian Tactics
47:17 Bracer
47:17 Padded Archer Armor
Lumeh
11:37 Feudal Age
13:19 Double-Bit Axe
15:38 Castle Age
13:38 Double-Bit Axe
14:37 Loom
17:17 Wheelbarrow
16:48 Horse Collar
18:55 Fervor
21:17 Heavy Plow
21:29 Bow Saw
22:19 Sanctity
24:40 Hand Cart
28:51 Imperial Age
26:14 Pikeman
26:56 Squires
27:15 Forging
27:05 Scale Mail Armor
27:02 Town Watch
29:55 Iron Casting
29:22 Padded Archer Armor
29:13 Fletching
30:46 Chemistry
30:07 Ballistics
29:54 Siege Engineers
29:27 Halberdier
30:38 Leather Archer Armor
31:49 Two-Man Saw
30:49 Houfnice
32:51 Masonry
34:31 Iron Casting
34:11 Chain Mail Armor
35:15 Ring Archer Armor
36:46 Elite Hussite Wagon
37:32 Wagenburg Tactics
38:30 Town Patrol
Connection lost

Rejoining the realm…

Still unreachable

The connection could not be restored.

Session expired

The server has moved on; the page needs a fresh start.